 Dungeon Crawl Stone Soup version 0.18.1-6-gd335043 (webtiles) character file.

54 dysrexia the Chopper (level 3, -3/19 HPs)
             Began as a Vine Stalker Chaos Knight on May 16, 2016.
             Slain by a gnoll
             ... wielding a +0 spear
              (4 damage)
             ... on level 2 of the Dungeon.
             The game lasted 00:04:18 (934 turns).

dysrexia the Chopper (Vine Stalker Chaos Knight)     Turns: 934, Time: 00:04:19

Health: -3/19      AC:  6    Str: 14    XL:     3   Next: 91%
Magic:  0/4        EV:  9    Int: 12    God:    Xom [....*.]
Gold:   111        SH:  0    Dex: 14    Spells: 0 memorised, 2 levels left

rFire  . . .     SeeInvis +     a - +0 hand axe (chaos)
rCold  . . .     Gourm    .     i - +0 scale mail
rNeg   . . .     Faith    .     (no shield)
rPois  .         Spirit   +     (no helmet)
rElec  .         Dismiss  .     (no cloak)
rCorr  .         Reflect  .     (no gloves)
SustAt .         Harm     .     (no boots)
MR     .....                    (no amulet)
Stlth  ..........               (no ring)
                                n - ring of see invisible

@: not resistant to hostile enchantments, extremely unstealthy
A: fangs 2, regeneration 1, magic shield, antimagic bite, no device heal 3, rot
immunity
a: Renounce Religion


You were on level 2 of the Dungeon.
You worshipped Xom.
You were a beloved toy of Xom.
You were not hungry.

You visited 1 branch of the dungeon, and saw 2 of its levels.

You collected 111 gold pieces.

Inventory:

Hand Weapons
 a - a +0 hand axe of chaos (weapon)
 f - a +0 hand axe
Missiles
 l - 5 poisoned needles
Armour
 b - a +2 leather armour
 i - a +0 scale mail (worn)
Jewellery
 n - a ring of see invisible (left hand)
Wands
 u - a wand of digging (22/24)
Scrolls
 g - a scroll of remove curse {unknown}
 h - a scroll of immolation {unknown}
 o - a scroll of noise {unknown}
 p - 2 scrolls of identify {unknown}
 r - 2 scrolls of random uselessness {unknown}
 s - a scroll of magic mapping {unknown}
Potions
 e - 2 potions of resistance {unknown}
 m - a potion of curing {unknown}
 q - a potion of cancellation {unknown}
 t - a potion of ambrosia {unknown}
Comestibles
 c - 3 bread rations
 d - a royal jelly
 j - a chunk of flesh
 k - 2 meat rations


   Skills:
 - Level 2.6 Fighting
 * Level 4.2 Axes
 - Level 1.5 Armour
 - Level 0.7 Dodging


You had 2 spell levels left.
You didn't know any spells.

Dungeon Overview and Level Annotations

Branches:
Dungeon (2/15)

Altars:
Kikubaaqudgha
Trog
The Shining One


Innate Abilities, Weirdness & Mutations

You have extremely sharp teeth.
Your natural rate of healing is unusually fast.
When hurt, damage is shared between your health and your magic reserves.
Your bite disrupts and absorbs the magic of your enemies.
Potions and wands cannot restore your health.
You are immune to rotting.


Message History

You drain its power.
You feel invigorated.
You kill the adder!
The gnoll hits you from afar with a spear.
The gnoll barely misses you. The gnoll barely misses you.
The gnoll hits you but does no damage.
You see here an adder corpse.
You hit the gnoll. You bite the gnoll. You drain its power.
The gnoll is heavily wounded.
The gnoll barely misses you. The gnoll hits you with a spear.
A gnoll comes into view. It is wielding a spear.
Your scale mail prevents you from hitting the gnoll.
The gnoll shouts!
You bite the gnoll. You drain its power.
You feel invigorated.
The gnoll is heavily wounded.
The gnoll moves out of view.
The gnoll hits you from afar with a spear!
* * * LOW HITPOINT WARNING * * *
The gnoll hits you with a spear.
You die...
Xom roars with laughter!

#.#..###
##....
#.........
#...## #.
....
..........
##.#.## .
..
........)#
......# .#
..
#........#
......#
.#.
#.....>...
......#
.g.
#........#
......#
#g#
########..
......#
#.#g# ###
......##
#.#@# #
.......#
#.#.# #
..#..#.#
#.#># #
........#
#.#.# #
##.####.#
#.#.# #
.....##.#
#.#.# #
......#.#
#...#
......#.#
#..##
.._.....#
#..#


You could see 3 gnolls.

Vanquished Creatures
  2 adders (D:2)
  A worm (D:2)
  3 dart slugs
  4 bats
  2 giant cockroaches (D:1)
  6 goblins
  2 hobgoblins (D:1)
  3 kobolds (D:1)
  4 rats
27 creatures vanquished.

Vanquished Creatures (others)
  A human (D:2)
1 creature vanquished.

Grand Total: 28 creatures vanquished

Notes
Turn   | Place    | Note
--------------------------------------------------------------
     0 | D:1      | dysrexia the Vine Stalker Chaos Knight began the quest for the Orb.
     0 | D:1      | Reached XP level 1. HP: 11/11 MP: 2/2
    52 | D:1      | Reached skill level 3 in Axes
    71 | D:1      | Reached XP level 2. HP: 15/16 MP: 3/3
   361 | D:1      | Reached XP level 3. HP: 10/19 MP: 2/4
   593 | D:2      | Found an ancient bone altar of Kikubaaqudgha.
   594 | D:2      | Noticed a human
   598 | D:2      | Killed a human
   692 | D:2      | Found a bloodstained altar of Trog.
   838 | D:2      | Reached skill level 4 in Axes
   890 | D:2      | Found a glowing golden altar of the Shining One.
   934 | D:2      | Slain by a gnoll

Skill      XL: |  1  2  3 |
---------------+----------+-----
Axes           | 3 4 |  4.2
Fighting       | |  2.6
Armour         | |  1.5
Dodging        | |  0.7

Action                   || total
-------------------------++-------
Melee: Hand axe          ||    77
       Bite              ||    22
Armor: Leather armour    ||    18
       Scale mail        ||    18
Dodge: Dodged            ||    50
